 Dungeon Crawl Stone Soup version 0.19-a0-1254-gb9c29c0 (webtiles) character file.

1143 JustSomeDude the Shield-Bearer (level 8, -11/61 HPs)
             Began as a Demonspawn Fighter on Aug 27, 2016.
             Was an Initiate of Yredelemnul.
             Killed from afar by a gargoyle (21 damage)
             ... with a stone arrow
             ... on level 6 of the Dungeon.
             The game lasted 00:13:07 (4084 turns).

JustSomeDude the Shield-Bearer (Demonspawn Fighter) Turns: 4084, Time: 00:13:08

Health: -11/61     AC: 10    Str: 20    XL:     8   Next: 15%
Magic:  8/8        EV: 10    Int:  9    God:    Yredelemnul [......]
Gold:   303        SH: 10    Dex: 12    Spells: 0 memorised, 7 levels left

rFire  . . .     SeeInvis .     q - +2 spear (venom)
rCold  + . .     Gourm    .     s - +0 ring mail (curse)
rNeg   . . .     Faith    .     c - +0 shield
rPois  .         Spirit   .     z - +0 helmet
rElec  .         Dismiss  .     (no cloak)
rCorr  .         Reflect  .     d - +0 pair of gloves
MR     .....     Harm     .     (no boots)
Stlth  +.........               (no amulet)
                                (no ring)
                                r - ring of protection from cold

@: no status effects
A: claws 1, icy blue scales 1, foul stench 1, regeneration 1, rot immunity
a: Renounce Religion


You were on level 6 of the Dungeon.
You worshipped Yredelemnul.
Yredelemnul was noncommittal.
You were not hungry.

You visited 1 branch of the dungeon, and saw 6 of its levels.
You also visited: Sewer.

You collected 303 gold pieces.

Inventory:

Hand Weapons
 q - a +2 spear of venom (weapon)
Armour
 c - a +0 shield (worn)
 d - a +0 pair of gloves (worn)
 s - a cursed +0 ring mail (worn)
 z - a +0 helmet (worn)
Jewellery
 r - a ring of protection from cold (left hand)
Wands
 a - a wand of flame (30/48)
 p - a wand of heal wounds (6/9)
 t - a wand of acid (8/15)
 x - a wand of acid (4/15)
Scrolls
 e - 2 scrolls of random uselessness {unknown}
 g - 3 scrolls of blinking
 i - 2 scrolls of enchant weapon
 j - 3 scrolls of identify
 n - 3 scrolls of remove curse
 o - 2 scrolls of recharging {unknown}
 v - 3 scrolls of teleportation
 y - a scroll of amnesia {unknown}
 A - a scroll of holy word {unknown}
Potions
 h - a potion of invisibility {unknown}
 k - 4 potions of magic
 l - a potion of lignification {unknown}
 w - a potion of flight {unknown}
 B - 2 potions of mutation {unknown}
Comestibles
 f - 5 bread rations
 m - 3 slices of pizza
 u - 2 beef jerkies
 C - a chunk of flesh


   Skills:
 + Level 4.7 Fighting
 + Level 3.9 Polearms
 + Level 4.6 Armour
 + Level 4.0 Dodging
 + Level 5.2 Shields


You had 7 spell levels left.
You didn't know any spells.

Dungeon Overview and Level Annotations

Branches:
Dungeon (6/15)
 Temple: D:4-7

Altars:
Fedhas
Gozag
Vehumet
Xom
Yredelemnul
The Shining One


Innate Abilities, Weirdness & Mutations

You have sharp fingernails.
You are partially covered in icy blue scales. (AC +2)
You may emit foul miasma when damaged in melee.
You are immune to rotting.
Your natural rate of healing is unusually fast.


Message History

The gargoyle is moderately damaged.
You block the gargoyle's attack.
Press: ? - help, v - describe, . - travel
Here: a gargoyle, wielding a mace (moderately damaged, covered in acid)
The floor.
Evoke which item? (* to show all) (? for menu, Esc to quit)
Zapping:
t - a wand of acid (9/15)
Press: ? - help, Shift-Dir - straight line, f/p - gargoyle
Aim: a gargoyle, wielding a mace (moderately damaged, covered in acid)
The bolt of acid hits the gargoyle.
The acid corrodes the gargoyle!
The gargoyle is heavily damaged.
This wand has 8 charges left.
The gargoyle hits you with a mace!
You hit the gargoyle.
The gargoyle is severely damaged.
The gargoyle hits you with a mace!
* * * LOW HITPOINT WARNING * * *
The gargoyle hurls a stone arrow at you.
The stone arrow hits you!
You die...
Your body rises from the dead as a mindless zombie.

........##
######..# #.##
#.# ##.# #9.#
##.## ###..#
######.@.###
#.....<....##
#..............
#..........####
#..........#
############


You could see a gargoyle.

Vanquished Creatures
  Menkaure (D:4)
  Duvessa (D:4)
  An ogre (D:3)
  Blork the orc (D:5)
  2 giant frogs
  A scorpion (D:4)
  Dowan (D:4)
  A howler monkey (D:4)
  A hound (D:4)
  3 iguanas
  An orc wizard (D:3)
  2 worker ants
  3 hound skeletons
  14 adders
  2 river rats (D:4)
  2 oozes
  2 worms (D:2)
  4 dart slugs
  3 giant geckos
  14 orcs
  3 ball pythons
  7 giant cockroaches
  6 goblins
  6 hobgoblins
  15 jackals
  7 quokkas
  4 bats
  A giant gecko skeleton (D:4)
  6 giant newts
  14 kobolds
  6 rats
  A plant (Sewer)
136 creatures vanquished.

Vanquished Creatures (others)
  An orc wizard (D:3)
1 creature vanquished.

Grand Total: 137 creatures vanquished

Notes
Turn   | Place    | Note
-------+----------+-------------------------------------------
     0 | D:1      | JustSomeDude the Demonspawn Fighter began the quest for the Orb.
     0 | D:1      | Reached XP level 1. HP: 18/18 MP: 1/1
   169 | D:1      | Gained mutation: You are partially covered in icy blue scales. (AC +2) [demonic ancestry]
   169 | D:1      | Reached XP level 2. HP: 24/24 MP: 2/2
   330 | D:1      | Reached skill level 3 in Shields
   863 | D:2      | Gained mutation: You are immune to rotting. [demonic ancestry]
   863 | D:2      | Reached XP level 3. HP: 29/29 MP: 3/3
   885 | D:2      | Found a glowing golden altar of the Shining One.
  1214 | D:3      | Reached XP level 4. HP: 24/36 MP: 4/4
  1222 | D:3      | Reached skill level 1 in Dodging
  1400 | D:3      | Found an opulent altar of Gozag.
  1400 | D:3      | Found a shimmering altar of Xom.
  1468 | D:3      | Gained mutation: You may emit foul miasma when damaged in melee. [demonic ancestry]
  1468 | D:3      | Reached XP level 5. HP: 29/42 MP: 5/5
  1506 | D:3      | Noticed an ogre
  1528 | D:3      | Killed an ogre
  1631 | D:4      | Found a glowing drain.
  1661 | D:4      | Gained mutation: Your natural rate of healing is unusually fast. [potion of beneficial mutation]
  1673 | D:4      | Reached skill level 4 in Shields
  1673 | D:4      | Reached XP level 6. HP: 34/48 MP: 6/6
  1698 | Sewer    | Entered a sewer
  2217 | D:4      | Noticed Dowan
  2219 | D:4      | Noticed Duvessa
  2246 | D:4      | Killed Dowan
  2250 | D:4      | Killed Duvessa
  2382 | D:4      | Reached XP level 7. HP: 41/54 MP: 7/7
  2482 | D:4      | Noticed Menkaure
  2494 | D:4      | Killed Menkaure
  2548 | D:4      | Found a radiant altar of Vehumet.
  2550 | D:4      | Found a blossoming altar of Fedhas.
  2558 | D:4      | Reached skill level 5 in Shields
  2856 | D:5      | Entered Level 5 of the Dungeon
  2856 | D:5      | Noticed Blork the orc
  2889 | D:5      | Killed Blork the orc
  3013 | D:6      | Noticed a gargoyle
  3026 | D:5      | Gained mutation: You have sharp fingernails. [demonic ancestry]
  3026 | D:5      | Reached XP level 8. HP: 55/61 MP: 8/8
  3044 | D:5      | Found a basalt altar of Yredelemnul.
  3054 | D:5      | Became a worshipper of Yredelemnul the Dark
  4084 | D:6      | Killed from afar by a gargoyle

Vault maps used:
D:1:      sevenhm_arrival_forest_fort_large_4, minmay_misc_feat_rugged,
          minmay_distorted
D:2:      lemuel_crystal_altar
D:3:      nicolae_overflow_crystal_walls, minitemple, kennysheep_crisscross,
          hex_medium
D:4:      lemuel_crystal_altar, portal_sewer_entry_c, minmay_ruined_shrine,
          uniq_duvessa, uniq_menkaure
D:5:      basic_altar, first_bread, uniq_blork_the_orc
D:6:      trog_ov_bears_minmay, serial_shops, nicolae_shop_stone
Sewer:    sewer_co_scattered_pipes

Skill      XL: |  1  2  3  4  5  6  7  8 |
---------------+-------------------------+-----
Shields        | 3 4 5 |  5.2
Polearms       | 2 3 |  3.9
Armour         | 3 4 |  4.6
Dodging        | 1 2 3 4 |  4.0
Fighting       | 4 |  4.7

Action                   |  1- 3 |  4- 6 |  7- 9 || total
-------------------------+-------+-------+-------++-------
Melee: Trident           |   132 |   359 |    66 ||   557
       Spear             |       |       |   114 ||   114
Evoke: Wand              |       |       |     2 ||     2
  Use: Potion            |     1 |     6 |     1 ||     8
       Scroll            |       |       |     8 ||     8
  Eat: Chunk             |     1 |     5 |     2 ||     8
       Meat ration       |       |       |     1 ||     1
Armor: Scale mail        |    60 |   222 |    31 ||   313
       Ring mail         |       |       |     9 ||     9
Dodge: Dodged            |    31 |   155 |    56 ||   242
Block: Shield            |    59 |   197 |    81 ||   337
